 Dungeon Crawl Stone Soup version 0.24.1-14-gf8d2b509d9 (webtiles) character file.

Game seed: 1207190339672654129, levelgen mode: deterministic

674611 cstieg1 the Slayer (level 27, -8/277 HPs)
             Began as a Naga Gladiator on Sept 28, 2020.
             Was an Elder of Cheibriados.
             Killed from afar by a purple draconian (34 damage)
             ... with a bolt of dispelling energy
             ... on level 5 of the Realm of Zot on Sept 29, 2020.
             The game lasted 03:24:05 (63420 turns).

cstieg1 the Slayer (Naga Gladiator)                Turns: 63420, Time: 03:24:06

Health: -8/277     AC: 42    Str: 34    XL:     27
Magic:  0/27       EV: 21    Int: 15    God:    Cheibriados [****..]
Gold:   4144       SH: 31    Dex: 22    Spells: 14/40 levels left

rFire    + + +     SeeInvis +   a - +4 war axe (vamp)
rCold    + + .     Gourm    .   h - +8 large shield {rN+}
rNeg     + . .     Faith    .   j - +3 gold dragon scales
rPois    +         Spirit   +   K - +2 helmet
rElec    +         Reflect  .   n - +2 cloak {+Inv}
rCorr    +         Harm     .   r - +2 pair of gloves {Str+3}
MR       +++..                  (no barding)
Stlth    ..........             U - amulet "Iwohid" {Spirit rF+ SInv Stlth+}
HPRegen  0.00/turn              s - +3 ring of protection
MPRegen  0.20/turn              O - +4 ring of evasion

@: resistant (expiring), very slow
A: large, see invisible, clumsy 2, deformed body, dopey 2, fire resistance 1,
low mp 2, poison resistance, screaming 1, slowness 2, inhibited regeneration,
slow metabolism 1, spit poison 1, weak 1, no potion heal 1, constrict 1, AC +9
}: 4/15 runes: decaying, serpentine, slimy, silver
a: Spit Poison, Bend Time, Temporal Distortion, Slouch, Renounce Religion, Evoke
Invisibility


You were on level 5 of the Realm of Zot.
You worshipped Cheibriados.
Cheibriados was greatly pleased with you.
You were very full.

You visited 9 branches of the dungeon, and saw 51 of its levels.
You also visited: Sewer and Bailey.

You collected 7175 gold pieces.
You spent 3031 gold pieces at shops.

Inventory:

Hand Weapons
 a - a +4 vampiric war axe (weapon)
 b - a +9 broad axe of chopping
Missiles
 d - 5 throwing nets
 i - 94 boomerangs (quivered)
Armour
 h - a +8 large shield of positive energy (worn)
 j - +3 gold dragon scales (worn)
 n - a +2 cloak of invisibility (worn)
 r - a +2 pair of gloves of strength (worn)
 K - a +2 helmet (worn)
Jewellery
 g - a +2 amulet of reflection
 p - the ring of Ryjiv {+Fly rC+ MP+9 Str+3}
   (You took it off an efreet on level 3 of the Realm of Zot)

   [ring of strength]

   It affects your strength (+3).
   It protects you from cold.
   It affects your magic capacity (+9).
   It lets you fly.
 s - a +3 ring of protection (left hand)
 t - an uncursed amulet of faith
 G - an uncursed ring of resist corrosion
 O - a +4 ring of evasion (right hand)
 U - the amulet "Iwohid" (around neck) {Spirit rF+ SInv Stlth+}
   (You found it on level 5 of the Pits of Slime)

   [amulet of guardian spirit]

   It causes incoming damage to be split between your health and magic.
   It protects you from fire.
   It lets you see invisible.
   It makes you more stealthy.
 X - a +4 ring of strength
Wands
 F - a wand of acid (39)
 H - a wand of enslavement (29)
 I - a wand of iceblast (22)
 L - a wand of scattershot (6)
 M - a wand of digging (10)
 W - a wand of clouds (7)
 Z - a wand of disintegration (9)
Scrolls
 k - 20 scrolls of teleportation
 m - 7 scrolls of identify
 y - 7 scrolls of magic mapping
 A - 7 scrolls of fog
 B - 6 scrolls of blinking
 J - 9 scrolls of fear
 N - 19 scrolls of remove curse
 Q - 3 scrolls of vulnerability
 R - 5 scrolls of summoning
 S - 4 scrolls of holy word
Potions
 e - 3 potions of ambrosia
 l - 7 potions of mutation
 o - 14 potions of curing
 w - 6 potions of might
 C - 6 potions of magic
 D - 6 potions of lignification
 E - a potion of cancellation
 P - 9 potions of agility
 Y - 2 potions of invisibility
Miscellaneous
 u - a lamp of fire
 v - 2 sacks of spiders
 z - a phial of floods
 V - a fan of gales
Comestibles
 f - 94 rations
 q - a chunk of flesh


   Skills:
 - Level 22.0 Fighting
 - Level 19.0 Axes
   Level 1.2(12.9) Maces & Flails
 - Level 2.0 Throwing
 + Level 18.3 Armour
 - Level 17.0 Dodging
 - Level 15.0 Shields
 - Level 7.0 Spellcasting
 - Level 10.0 Translocations
 - Level 6.0 Poison Magic
 - Level 15.0 Invocations
 - Level 15.0 Evocations


You had 14 spell levels left.
You knew the following spells:

 Your Spells              Type           Power        Failure   Level  Hunger
a - Poisonous Vapours     Pois/Air       ##....       45%         2    None
b - Olgreb's Toxic Radia  Pois           ###.....     69%         4    ####...
c - Mephitic Cloud        Conj/Pois/Air  ##......     83%         3    ##.....
d - Summon Lightning Spi  Summ/Air       #.......     100%        4    ####...
e - Blink                 Tloc           N/A          2%          2    None
f - Passage of Golubria   Tloc           N/A          19%         4    ####...
g - Apportation           Tloc           #####.       1%          1    None
h - Dispersal             Tloc           #####.....   96%         6    #######

Your spell library contained the following spells:

 Spells                   Type           Power        Failure   Level  Hunger
 Gell's Gravitas          Tloc           #####.....   5%          3    ##.....
 Lesser Beckoning         Tloc           #####.....   5%          3    ##.....
 Teleport Other           Tloc           #####...     5%          3    ##.....
 Shroud of Golubria       Chrm/Tloc      ###...       22%         2    None
 Sting                    Conj/Pois      ##..         34%         1    None
 Portal Projectile        Hex/Tloc       ###...       41%         3    ##.....
 Recall                   Summ/Tloc      N/A          41%         3    ##.....
 Animate Skeleton         Necr           N/A          75%         1    None
 Confusing Touch          Hex            #.....       75%         1    None
 Corona                   Hex            #......      75%         1    None
 Infusion                 Chrm           #...         75%         1    None
 Magic Dart               Conj           #...         75%         1    None
 Shock                    Conj/Air       #...         75%         1    None
 Summon Small Mammal      Summ           #...         75%         1    None
 Ignite Poison            Fire/Tmut/Pois ##......     83%         3    ##.....
 Force Lance              Conj/Tloc      ###.....     83%         4    ####...
 Call Imp                 Summ           #.......     87%         2    None
 Corpse Rot               Necr           N/A          87%         2    None
 Ensorcelled Hibernation  Hex/Ice        #.....       87%         2    None
 Slow                     Hex            #.......     87%         2    None
 Song of Slaying          Chrm           #.......     87%         2    None
 Sublimation of Blood     Necr           #.........   87%         2    None
 Swiftness                Chrm/Air       #.......     87%         2    None
 Call Canine Familiar     Summ           #.......     98%         3    ##.....
 Confuse                  Hex            #.......     98%         3    ##.....
 Conjure Flame            Conj/Fire      #.......     98%         3    ##.....
 Dazzling Spray           Conj/Hex       #.....       98%         3    ##.....
 Regeneration             Chrm/Necr      #.........   98%         3    ##.....
 Spectral Weapon          Hex/Chrm       #.......     98%         3    ##.....
 Static Discharge         Conj/Air       #.......     98%         3    ##.....
 Summon Guardian Golem    Hex/Summ       #.......     98%         3    ##.....
 Tukima's Dance           Hex            #.......     98%         3    ##.....
 Summon Forest            Summ/Tloc      ###.......   99%         5    #####..
 Airstrike                Air            #.........   100%        4    ####...
 Cause Fear               Hex            #.........   100%        4    ####...
 Ice Form                 Ice/Tmut       #.......     100%        4    ####...
 Leda's Liquefaction      Hex/Erth       #.........   100%        4    ####...
 Petrify                  Tmut/Erth      #.......     100%        4    ####...
 Summon Ice Beast         Ice/Summ       #.......     100%        4    ####...
 Agony                    Necr           #.......     100%        5    #####..
 Alistair's Intoxication  Tmut/Pois      ##......     100%        5    #####..
 Aura of Abjuration       Summ           #.........   100%        5    #####..
 Bolt of Draining         Conj/Necr      #.........   100%        5    #####..
 Bolt of Magma            Conj/Fire/Erth #.........   100%        5    #####..
 Dispel Undead            Necr           #.......     100%        5    #####..
 Excruciating Wounds      Chrm/Necr      #.........   100%        5    #####..
 Fireball                 Conj/Fire      #.........   100%        5    #####..
 Irradiate                Conj/Tmut      #.........   100%        5    #####..
 Iskenderun's Battlesphe  Conj/Chrm      #.......     100%        5    #####..
 Lightning Bolt           Conj/Air       #.........   100%        5    #####..
 Metabolic Englaciation   Hex/Ice        #.........   100%        5    #####..
 Silence                  Hex/Air        #.........   100%        5    #####..
 Summon Demon             Summ           #.........   100%        5    #####..
 Summon Mana Viper        Hex/Summ       #.......     100%        5    #####..
 Venom Bolt               Conj/Pois      ##........   100%        5    #####..
 Yara's Violent Unravell  Hex/Tmut       #.........   100%        5    #####..
 Bolt of Cold             Conj/Ice       #.........   100%        6    #######
 Bolt of Fire             Conj/Fire      #.........   100%        6    #######
 Deflect Missiles         Chrm/Air       #.........   100%        6    #######
 Freezing Cloud           Conj/Ice/Air   #.........   100%        6    #######
 Hydra Form               Tmut           #.........   100%        6    #######
 Iron Shot                Conj/Erth      #.........   100%        6    #######
 Ozocubu's Refrigeration  Ice            #.........   100%        6    #######
 Shadow Creatures         Summ           N/A          100%        6    #######
 Simulacrum               Ice/Necr       #.........   100%        6    #######
 Statue Form              Tmut/Erth      #........    100%        6    #######
 Dragon Form              Tmut           #.........   100%        7    #######
 Orb of Destruction       Conj           #.........   100%        7    #######
 Ring of Flames           Chrm/Fire      #.........   100%        7    #######
 Spellforged Servitor     Conj/Summ      #.........   100%        7    #######
 Controlled Blink         Tloc           N/A          100%        8    #######
 Discord                  Hex            #.........   100%        8    #######
 Disjunction              Tloc           #####.....   100%        8    #######
 Ignition                 Fire           #.........   100%        8    #######
 Shatter                  Erth           #.........   100%        9    #######


Dungeon Overview and Level Annotations

Branches:
Dungeon (15/15)            Temple (0/1) D:6            Lair (6/6) D:8
  Swamp (4/4) Lair:3        Snake (4/4) Lair:2        Slime (5/5) Lair:6
    Orc (2/2) D:11            Elf (0/3) Orc:2        Vaults (5/5) D:13
  Crypt (0/3) Vaults:2     Depths (5/5) D:15            Zot (5/5) Depths:5
  Sewer (visited)          Bailey (visited)

Altars:
Ashenzari
Cheibriados
Fedhas
Nemelex Xobeh
Qazlal
Ru
Trog
Yredelemnul
Beogh
Jiyva

Shops:
D:5 }   D:13 %   Orc:2 %}(%?   Snake:2 %([}[   Snake:3 }=}   Depths:1 *=:[=

Portals:
Hell: Depths:1 Depths:2 Depths:3 Depths:4 Depths:5
Abyss: Depths:2 Depths:4 Depths:5
Pandemonium: Depths:2 Depths:3
Ziggurat: Depths:5
Trove: D:13 (give +3 shadow dragon scales)

Annotations:
D:3 3 runed translucent doors, sahdkjhfkaj's ghost, amateur HOFi
D:7 2 runed translucent doors, exclusion: orange crystal statue
Lair:1 exclusion: oklob plant
Snake:4 2 exclusions
Depths:5 exclusion: floating eye
Zot:5 exclusion: orange crystal statue


Innate Abilities, Weirdness & Mutations

You cannot wear boots.
Your serpentine skin is tough. (AC +9)
You have supernaturally acute eyesight. (SInv)
Armour fits poorly on your strangely shaped body.
Your system is resistant to poisons. (rPois)
You cover ground very slowly.
You have a slow metabolism.
You can spit poison.
You can use your snake-like lower body to constrict enemies.
You are very clumsy. (Dex -4)
You are very dopey. (Int -4)
Your flesh is heat resistant. (rF+)
Your magical capacity is very low. (-20% MP)
You occasionally shout uncontrollably at your foes.
You do not regenerate when monsters are visible.
You are weak. (Str -2)
Potions are less effective at restoring your health.


Message History

Cheibriados thoroughly appreciates the change of pace.
The wandering mushroom disappears in a puff of smoke! x3
The deathcap disappears in a puff of smoke!
The wandering mushroom disappears in a puff of smoke! x2
The wind drake deflects the bolt of acid!
You hear a roar!
You block the Orb Guardian's attack.
The wind drake exhales a fierce blast of wind!
The death drake collides with the black draconian stormcaller!
The black draconian stormcaller dies!
The wind drake disappears in a puff of smoke!
The komodo dragon disappears in a puff of smoke!
The wind drake disappears in a puff of smoke!
The death drake disappears in a puff of smoke!
The Orb Guardian collides with something!
You block the Orb Guardian's attack.
The purple draconian breathes dispelling energy at you.
The bolt of dispelling energy hits you!!
Your magical effects are unravelling.
You die...

....^......## ##..........*§§.^.
...........# ##...........§§§...
....^.....## #..........○.......
..........# #.........°......^.
..........## #..................
...........# #..§^..............
...........## #§§§d[.............
.......^....###§...........,,,,,,
##########...###@§.§.......,,,,,,
##....##X§§.......,,,,,,
###...§)§.....d^.,,,,,*
#▓▓▓▓▓▓▓▓▓▓▓##8,,,,**
****,,,,,,,,,,,,,,,*
***,,,,........^....^(
**,,,,,,.........^..... *********
*,,,,,,,.*.............
*,,,,,,,***,,,,,,,.............[.


You could see a purple draconian and an Orb Guardian.

Vanquished Creatures
  the Royal Jelly (Slime:5)
  6 ancient liches
  6 orbs of fire
  Tiamat (Zot:2)
  2 juggernauts
  The ghost of deprived the Bringer of Light, a veteran HOFi of the Shining One (Vaults:2)
  The ghost of deprived the Bringer of Light, a veteran HOFi of the Shining One (Vaults:2)
  the Lernaean hydra (Swamp:4)
  Sojobo (Vaults:3)
  Saint Roka (Depths:2)
  A curse toe (Zot:5)
  A Killer Klown (Zot:5)
  The ghost of Bidatih the Peltast, an adept MiBe of Trog (Vaults:2)
  4 golden dragons
  5 large abominations (Vaults:5)
  The ghost of Droegar the Slayer, an adept MiBe of Trog (Vaults:2)
  A bone dragon (Depths:5)
  2 electric golems
  The ghost of abarbat the Executioner, an adept MiBe of Trog (Vaults:2)
  18 tentacled monstrosities
  Asterion (Vaults:1)
  21 Orb Guardians (Zot:5)
  2 liches
  8 titans
  15 acid blobs
  6 quicksilver dragons
  8 sphinxes
  8 death cobs
  11 storm dragons
  2 thorn hunters
  10 tengu reavers
  Roxanne (Snake:2)
  12 shadow dragons
  7 draconian monks
  14 nagarajas
  2 deep elf sorcerers (Vaults:5)
  The ghost of AyAyRon the Bludgeoner, an adept DsFi of Yredelemnul (D:15)
  11 azure jellies
  4 iron dragons
  2 balrugs
  9 draconian knights
  2 orc warlords
  11 fire giants
  23 frost giants
  2 ghost moths
  Louise (Depths:2)
  4 draconian scorchers
  16 vault wardens
  4 draconian annihilators
  19 ironheart preservers
  A juggernaut skeleton (Depths:3)
  3 draconian stormcallers
  4 draconian shifters
  A spriggan defender (Depths:3)
  14 very ugly things
  3 war gargoyles
  4 vampire knights
  32 stone giants
  8 black draconians
  12 yellow draconians
  13 green draconians
  10 red draconians
  A deep elf demonologist (Vaults:5)
  2 spark wasps
  A deep elf annihilator (Vaults:5)
  9 purple draconians
  6 death oozes
  Snorg (Lair:4)
  15 white draconians
  18 ettins
  Josephine (Orc:2)
  A crystal guardian (Vaults:4)
  25 yaktaur captains
  A deep elf death mage (Vaults:2)
  11 fire dragons
  3 great orbs of eyes
  2 small abominations (Vaults:5)
  3 deep elf high priests
  Harold (D:7)
  2 rakshasas
  A caustic shrike simulacrum (Depths:3)
  15 ice dragons
  2 spriggan air magi (Depths:3)
  35 vault guards
  15 naga warriors
  22 hydras
  2 ghost crabs (Swamp:2)
  14 centaur warriors
  5 death knights
  15 ogre magi
  5 deep troll shamans
  9 anacondas
  10 alligators
  A vampire mage (Depths:1)
  A shambling mangrove (Swamp:1)
  43 two-headed ogres
  5 deep troll earth magi
  12 naga sharpshooters
  7 death yaks
  3 tengu warriors
  6 orc high priests
  An alligator (shapeshifter) (Vaults:5)
  6 spriggan berserkers
  The ghost of Tallon the Cleaver, a novice DsFi of Uskayaw (D:10)
  A soul eater (Depths:3)
  2 shock serpents
  2 sun demons (Depths:4)
  2 skeletal warriors
  2 shadow wraiths
  3 deep elf knights
  2 fire crabs (shapeshifter) (Depths:2)
  8 spriggans
  A storm dragon skeleton (Vaults:2)
  4 iron trolls
  38 deep trolls
  2 sea snakes (Snake:4)
  2 salamander mystics
  An unseen horror (D:11)
  11 hell knights
  A shadow demon (Depths:3)
  3 wizards
  A spriggan druid (Swamp:3)
  A lindwurm (D:13)
  2 glowing orange brains
  A death drake (shapeshifter) (Vaults:1)
  2 naga ritualists (Snake:4)
  13 swamp dragons
  2 phantasmal warriors (Vaults:4)
  2 flayed ghosts
  4 deep elf archers
  A glowing orange brain (shapeshifter) (Vaults:5)
  A lindwurm (shapeshifter) (Vaults:3)
  20 orc knights
  10 necromancers
  A harpy (shapeshifter) (Depths:5)
  23 ironbrand convokers
  10 mana vipers
  8 harpies
  An orb spider (shapeshifter) (Vaults:1)
  7 deep elf magi
  2 human zombies
  9 wolf spiders
  42 ugly things
  3 orc sorcerers
  A shining eye (Slime:3)
  2 frost giant zombies (Depths:3)
  A stone giant zombie (Vaults:4)
  13 cyclopes
  A tengu skeleton (Depths:3)
  3 manticores
  2 wolf spider zombies (Vaults:1)
  An elephant (shapeshifter) (Vaults:5)
  10 salamanders
  A sphinx skeleton (Vaults:5)
  21 moths of wrath
  A fire giant skeleton (Vaults:2)
  A black mamba (shapeshifter) (Depths:5)
  A guardian serpent (shapeshifter) (D:13)
  17 naga magi
  3 eyes of devastation
  17 guardian serpents
  A water nymph (shapeshifter) (Vaults:4)
  15 vault sentinels
  A torpor snail (shapeshifter) (Vaults:4)
  A torpor snail (Lair:4)
  21 spiny frogs
  38 yaktaurs
  42 black mambas
  A yaktaur zombie (Vaults:5)
  4 human skeletons
  A rime drake (shapeshifter) (Depths:2)
  A gargoyle (D:12)
  3 kobold demonologists
  6 freezing wraiths
  A yaktaur (shapeshifter) (Vaults:1)
  5 rime drakes
  4 efreet
  A hellwing (Depths:3)
  9 polar bears (Lair:6)
  A yaktaur skeleton (Vaults:4)
  9 komodo dragons
  14 trolls
  A hornet (shapeshifter) (Depths:4)
  20 hornets
  A merfolk (shapeshifter) (Vaults:4)
  3 raiju (Lair:6)
  A hippogriff (shapeshifter) (Depths:4)
  A raiju (shapeshifter) (Depths:1)
  A bog body (Swamp:2)
  19 blink frogs
  8 tyrant leeches
  A meliai zombie (D:14)
  A frost giant simulacrum (Vaults:5)
  A slime creature (shapeshifter) (Depths:2)
  14 dream sheep
  A centaur simulacrum (D:14)
  11 hippogriffs
  110 slime creatures
  Sigmund (D:3)
  A redback (shapeshifter) (Vaults:4)
  A redback (Lair:6)
  A spriggan (shapeshifter) (Vaults:1)
  An ettin skeleton (Vaults:5)
  4 shadows
  23 yaks
  5 wraiths
  2 basilisks
  A human (D:7)
  3 hogs (D:7)
  2 water elementals (Depths:2)
  21 wyverns
  A golden eye (shapeshifter) (D:13)
  A chaos spawn (Depths:3)
  A golden eye (Slime:5)
  A yaktaur simulacrum (Vaults:3)
  2 neqoxecs
  A deep troll zombie (Vaults:2)
  5 hungry ghosts
  21 vampire mosquitoes
  Menkaure (D:7)
  A swamp worm (shapeshifter) (Vaults:5)
  41 nagas
  2 acid dragons
  3 insubstantial wisps (Swamp:4)
  11 swamp worms
  11 wargs
  39 water moccasins
  9 swamp drakes
  A floating eye (Slime:3)
  6 porcupines
  16 hell hounds
  49 orc warriors
  An ice beast (shapeshifter) (Vaults:2)
  6 sky beasts
  An eye of draining (shapeshifter) (Depths:2)
  3 eyes of draining
  2 ice beasts (D:7)
  14 black bears
  A necrophage (D:7)
  A wolf (shapeshifter) (Vaults:4)
  46 ogres
  6 phantoms
  19 wolves
  6 boggarts (Depths:2)
  14 centaurs
  8 crocodiles
  A big kobold (shapeshifter) (Vaults:5)
  3 big kobolds
  13 bullfrogs
  A wyvern zombie (D:12)
  A glowing shapeshifter simulacrum (Vaults:3)
  4 scorpions
  A human simulacrum (Vaults:2)
  2 electric eels (D:12)
  20 wights
  6 howler monkeys
  9 crimson imps
  4 centaur zombies
  3 bullfrog zombies
  2 quasits (D:10)
  8 lava snakes (Snake:1)
  6 hounds
  41 orc priests
  27 orc wizards
  A gnoll shaman (D:4)
  11 jellies
  Crazy Yiuf (D:2)
  2 bullfrog skeletons (D:5)
  6 centaur skeletons
  An iron imp (Depths:5)
  7 iguanas
  Natasha (D:2)
  9 worker ants
  2 hell rats (Lair:5)
  2 hound zombies
  2 hound skeletons
  A howler monkey skeleton (D:10)
  7 gnolls
  26 adders
  16 river rats
  4 shadow imps
  A white imp (Depths:2)
  14 oozes
  2 worms
  A dart slug (D:1)
  7 leopard geckos
  120 orcs
  21 ball pythons
  7 giant cockroaches
  9 goblins
  18 hobgoblins
  8 jackals
  39 kobolds
  2 quokkas
  4 bats
  5 frilled lizards
  35 rats
  2 butterflies (Lair:2)
  7 crawling corpses
  2 fungi (Lair:6)
  3 plants (Lair:6)
2432 creatures vanquished.

Vanquished Creatures (collateral kills)
  A golden dragon (Zot:2)
  A moth of wrath (Zot:2)
2 creatures vanquished.

Vanquished Creatures (others)
  A tentacled monstrosity (Zot:3)
  A draconian stormcaller (Zot:5)
  An ettin (Zot:3)
  A hydra (Swamp:4)
  3 vault guards (Vaults:5)
  A fire dragon (Depths:4)
  A deep troll earth mage (Vaults:5)
  A naga ritualist (Snake:4)
  A phantasmal warrior (Vaults:5)
  2 moths of wrath
  A slime creature (Vaults:2)
  2 naga magi (Snake:4)
  A guardian serpent (Snake:4)
  A water elemental (D:12)
  A naga (Snake:3)
  An ogre (Zot:3)
  A lava snake (Snake:1)
  2 orcs (Vaults:5)
  16 fungi
  18 plants
57 creatures vanquished.

Grand Total: 2491 creatures vanquished

Notes
Turn   | Place    | Note
-------+----------+-------------------------------------------
     0 | D:1      | cstieg1 the Naga Gladiator began the quest for the Orb.
     0 | D:1      | Reached XP level 1. HP: 19/19 MP: 1/1
   282 | D:1      | Reached XP level 2. HP: 19/26 MP: 2/2
   855 | D:1      | Reached XP level 3. HP: 32/33 MP: 3/3
  1302 | D:2      | Reached XP level 4. HP: 40/40 MP: 4/4
  1415 | D:2      | Found a snail-covered altar of Cheibriados.
  1418 | D:2      | Found a sacrificial altar of Ru.
  1418 | D:2      | Found a stormy altar of Qazlal.
  1423 | D:2      | Became a worshipper of Cheibriados the Contemplative
  1789 | D:2      | Noticed Natasha
  1794 | D:2      | Killed Natasha
  1794 | D:2      | Reached skill level 1 in Armour
  2040 | D:2      | Reached * piety under Cheibriados
  2073 | D:2      | Found a runed translucent door.
  2074 | D:2      | Noticed Crazy Yiuf
  2083 | D:2      | Killed Crazy Yiuf
  2083 | D:2      | Reached skill level 3 in Fighting
  2083 | D:2      | Reached XP level 5. HP: 34/49 MP: 5/5
  2679 | D:3      | Noticed sahdkjhfkaj's ghost (amateur HOFi)
  2729 | D:3      | Found a glowing drain.
  2763 | D:3      | Reached ** piety under Cheibriados
  2768 | D:3      | Reached XP level 6. HP: 15/56 MP: 6/6
  2811 | Sewer    | Entered a sewer
  3008 | Sewer    | Reached skill level 1 in Invocations
  3008 | Sewer    | Reached skill level 1 in Evocations
  3385 | Sewer    | Reached *** piety under Cheibriados
  3499 | Sewer    | Reached **** piety under Cheibriados
  3580 | Sewer    | Reached skill level 5 in Axes
  3589 | Sewer    | Reached XP level 7. HP: 36/62 MP: 5/8
  3983 | D:3      | Reached ***** piety under Cheibriados
  3993 | D:3      | Found a runed translucent gate.
  3993 | D:3      | Found a runed translucent gate.
  3993 | D:3      | Found a runed translucent gate.
  4106 | D:3      | Noticed Sigmund
  4114 | D:3      | Gained mutation: Your flesh is heat resistant. (rF+)
                  | [potion of mutation]
  4114 | D:3      | Gained mutation: You possess an exceptional clarity of
                  | mind. [potion of mutation]
  4119 | D:3      | Killed Sigmund
  4365 | D:4      | Reached skill level 4 in Fighting
  4704 | D:4      | Reached XP level 8. HP: 48/72 MP: 10/10
  5231 | D:5      | Entered Level 5 of the Dungeon
  5280 | D:5      | Found the +7 great mace "Firestarter" {inner flame, rF++}
  5543 | D:5      | Reached skill level 1 in Maces & Flails
  5654 | D:5      | Found Inyfek's Gadget Boutique.
  6188 | D:6      | Noticed Menkaure
  6212 | D:6      | Reached skill level 5 in Fighting
  6422 | D:6      | Reached XP level 9. HP: 61/81 MP: 12/12
  6662 | D:6      | Found a staircase to the Ecumenical Temple.
  7230 | D:7      | Found a runed translucent door.
  7259 | D:7      | Found the +10 large shield of Ignorance {rN+ Int-4}
  7264 | D:7      | Found a runed translucent door.
  7264 | D:7      | Noticed an orange crystal statue
  7285 | D:7      | Killed Menkaure
  7295 | D:7      | Reached ****** piety under Cheibriados
  7535 | D:7      | Noticed Harold
  7552 | D:7      | Killed Harold
  7552 | D:7      | Reached skill level 1 in Shields
  7552 | D:7      | Reached skill level 5 in Invocations
  7561 | D:7      | Reached XP level 10. HP: 55/91 MP: 13/13
  7808 | D:7      | Reached skill level 6 in Fighting
  7818 | D:7      | Reached skill level 5 in Evocations
  8372 | D:8      | Found a staircase to the Lair.
  8374 | D:8      | Noticed a death yak
  8374 | D:8      | Noticed a death yak
  8380 | D:8      | Noticed a death yak
  8380 | D:8      | Noticed a two-headed ogre
  8381 | D:8      | Noticed a death yak
  8781 | D:9      | Noticed a two-headed ogre
  8787 | D:9      | Killed a two-headed ogre
  8907 | D:9      | Noticed a two-headed ogre
  8922 | D:9      | Killed a two-headed ogre
  8922 | D:9      | Reached skill level 5 in Armour
  8922 | D:9      | Reached skill level 5 in Dodging
  8922 | D:9      | Reached XP level 11. HP: 73/99 MP: 12/15
  9156 | D:9      | Got an encrusted mace
  9157 | D:9      | Identified the cursed +0 mace of Glory {venom, +Fly} (You
                  | found it on level 9 of the Dungeon)
  9776 | D:10     | Entered Level 10 of the Dungeon
 10049 | D:10     | Found a transporter.
 10092 | D:10     | Noticed Tallon's ghost (novice DsFi)
 10135 | D:10     | Reached skill level 7 in Fighting
 10190 | D:10     | Found a transporter.
 10941 | D:11     | Noticed an unseen horror
 10952 | D:11     | Killed an unseen horror
 11182 | D:11     | Found a staircase to the Orcish Mines.
 11218 | D:11     | Noticed a brown ugly thing
 11241 | D:11     | Killed a brown ugly thing
 11655 | D:11     | Reached skill level 10 in Axes
 11736 | D:11     | Noticed a cyclops
 11886 | D:11     | Killed a cyclops
 12624 | D:12     | Noticed a deep elf mage
 12628 | D:12     | Killed a deep elf mage
 12866 | D:12     | Found a flagged portal.
 12871 | D:12     | Noticed an eight-headed hydra
 12876 | D:12     | Killed an eight-headed hydra
 12876 | D:12     | Reached XP level 12. HP: 98/110 MP: 11/17
 12903 | Bailey   | Entered a bailey
 13141 | Bailey   | Got a twitching sapphire amulet
 13360 | D:12     | Learned a level 2 spell: Poisonous Vapours
 13365 | D:12     | Learned a level 4 spell: Olgreb's Toxic Radiance
 13656 | D:12     | Reached skill level 1 in Poison Magic
 13753 | D:12     | Reached skill level 8 in Fighting
 14592 | D:13     | Found a shattered altar of Ashenzari.
 14724 | D:13     | Noticed a death knight
 14805 | D:13     | Killed a death knight
 14806 | D:13     | Noticed a centaur warrior
 14809 | D:13     | HP: 5/110 [wyvern (6)]
 14811 | D:13     | Killed a centaur warrior
 15219 | D:13     | Learned a level 3 spell: Mephitic Cloud
 15256 | D:13     | Noticed a two-headed ogre
 15268 | D:13     | Killed a two-headed ogre
 15481 | D:13     | Reached skill level 5 in Poison Magic
 15746 | D:8      | Killed a death yak
 15750 | D:8      | Killed a death yak
 15756 | D:8      | Killed a death yak
 15756 | D:8      | Gained mutation: You can use your snake-like lower body to
                  | constrict enemies. [Naga growth]
 15756 | D:8      | Reached XP level 13. HP: 14/118 MP: 14/19
 16184 | D:8      | Got a faintly humming plate armour
 16196 | D:8      | Identified the +3 plate armour of Creativity {*Drain rF+
                  | Dex+7} (You found it on level 8 of the Dungeon)
 16335 | D:8      | Found a basalt altar of Yredelemnul.
 16335 | D:8      | Found a blossoming altar of Fedhas.
 16335 | D:8      | Found a sparkling altar of Nemelex Xobeh.
 16346 | D:8      | Found a bloodstained altar of Trog.
 16496 | Lair:1   | Entered Level 1 of the Lair of Beasts
 17855 | Lair:2   | Found a staircase to the Snake Pit.
 18594 | Lair:3   | Reached skill level 9 in Fighting
 18929 | Lair:3   | Found a staircase to the Swamp.
 19465 | Lair:4   | Noticed Snorg
 19479 | Lair:4   | Killed Snorg
 20901 | Lair:5   | Reached XP level 14. HP: 129/129 MP: 21/21
 21649 | Lair:6   | Entered Level 6 of the Lair of Beasts
 22193 | Lair:6   | Reached skill level 10 in Invocations
 22369 | Lair:6   | Reached skill level 10 in Fighting
 22890 | Lair:6   | Found a staircase to the Slime Pits.
 23125 | Lair:6   | Reached skill level 5 in Shields
 23133 | Lair:6   | Reached XP level 15. HP: 137/138 MP: 22/22
 23369 | Orc:1    | Entered Level 1 of the Orcish Mines
 23487 | Orc:1    | Paralysed by an orc sorcerer for 3 turns
 23637 | Orc:2    | Entered Level 2 of the Orcish Mines
 23653 | Orc:2    | Noticed an orc warlord
 23683 | Orc:2    | Killed an orc warlord
 23996 | Orc:2    | Noticed Josephine
 23999 | Orc:2    | Killed Josephine
 24006 | Orc:2    | Found a staircase to the Elven Halls.
 24475 | Orc:2    | Found Umaogh's Food Shop.
 24792 | Orc:2    | Found Harucirgh's Magic Scroll Emporium.
 24792 | Orc:2    | Found Optunaf's Gadget Shoppe.
 24792 | Orc:2    | Found Fatol's Antique Weapon Shoppe.
 24804 | Orc:2    | Found Baihez's Food Emporium.
 24811 | Orc:2    | Bought a scroll of blinking for 90 gold pieces
 24811 | Orc:2    | Bought a scroll of magic mapping for 42 gold pieces
 24811 | Orc:2    | Bought a scroll of identify for 24 gold pieces
 24811 | Orc:2    | Bought 3 scrolls of identify for 72 gold pieces
 24811 | Orc:2    | Bought a scroll of teleportation for 36 gold pieces
 24811 | Orc:2    | Bought a scroll of fog for 24 gold pieces
 24811 | Orc:2    | Identified a scroll of acquirement
 24819 | Orc:2    | Bought a wand of digging (5) for 198 gold pieces
 24819 | Orc:2    | Bought a wand of acid (11) for 330 gold pieces
 25199 | D:13     | Found Such's Food Shop.
 25302 | D:13     | Reached skill level 10 in Evocations
 25343 | D:13     | Found a portal to a secret trove of treasure.
 25432 | D:13     | Found a gate to the Vaults.
 26691 | D:15     | Entered Level 15 of the Dungeon
 26868 | D:15     | Reached skill level 1 in Spellcasting
 27076 | D:15     | Reached XP level 16. HP: 148/148 MP: 23/23
 27284 | D:15     | Reached skill level 11 in Fighting
 27452 | D:15     | Found a runed translucent gate.
 27453 | D:15     | Found a runed translucent gate.
 27454 | D:15     | Found a runed translucent gate.
 27454 | D:15     | Noticed AyAyRon's ghost (adept DsFi)
 27457 | D:15     | Found a roughly hewn altar of Beogh.
 27648 | D:15     | Found a staircase to the Depths.
 28105 | Swamp:1  | Entered Level 1 of the Swamp
 28438 | Swamp:1  | Reached skill level 15 in Axes
 28716 | Swamp:1  | Identified the amulet of Duipy {Inacc Str+3 SInv} (You
                  | found it in a bailey)
 29077 | Swamp:2  | Reached XP level 17. HP: 151/157 MP: 24/24
 29309 | Swamp:2  | Reached skill level 10 in Dodging
 29488 | Swamp:2  | Reached skill level 10 in Armour
 30574 | Swamp:4  | Entered Level 4 of the Swamp
 30595 | Swamp:3  | Reached XP level 18. HP: 165/168 MP: 25/25
 30740 | Swamp:4  | Reached skill level 12 in Fighting
 31147 | Swamp:4  | Got a polished rapier
 31557 | Swamp:4  | Noticed the 27-headed Lernaean hydra
 31563 | Swamp:4  | Killed the 27-headed Lernaean hydra
 31872 | Swamp:4  | Got a decaying rune of Zot
 32142 | Snake:1  | Entered Level 1 of the Snake Pit
 32760 | Snake:2  | Found Ugunonidd's Gadget Boutique.
 32939 | Snake:2  | Noticed Roxanne
 32956 | Snake:2  | Killed Roxanne
 32956 | Snake:2  | Reached skill level 13 in Fighting
 33043 | Snake:2  | Identified the cursed +2 rapier of the Ass {elec, SInv}
                  | (You found it on level 4 of the Swamp)
 33151 | Snake:2  | Found Tuhoeq's Food Boutique.
 33708 | Snake:2  | Found Waejuwk's Weapon Shoppe.
 33780 | Snake:2  | Found Dal Zomn's Antique Armour Shop.
 33798 | Snake:2  | Found Ukoci's Armour Shoppe.
 34059 | Snake:3  | Reached skill level 10 in Shields
 34119 | Snake:3  | Reached XP level 19. HP: 180/180 MP: 28/28
 34254 | Snake:3  | Found Ceumeklu's Gadget Shop.
 34279 | Snake:3  | Found Jayninu's Jewellery Emporium.
 34280 | Snake:3  | Found Pointunu's Gadget Shop.
 34292 | Snake:3  | Bought a +3 ring of protection for 420 gold pieces
 34715 | Snake:4  | Entered Level 4 of the Snake Pit
 34763 | Snake:4  | Reached skill level 14 in Fighting
 35486 | Snake:4  | Reached skill level 15 in Fighting
 35571 | Snake:4  | Learned a level 4 spell: Summon Lightning Spire
 35789 | Snake:4  | Got a serpentine rune of Zot
 36819 | Snake:3  | Found Ceumeklu's Gadget Shop.
 36819 | Snake:3  | Found Jayninu's Jewellery Emporium.
 36820 | Snake:3  | Found Pointunu's Gadget Shop.
 37199 | Snake:2  | Found Tuhoeq's Food Boutique.
 37367 | Snake:2  | Found Ugunonidd's Gadget Boutique.
 37599 | Snake:2  | Found Ukoci's Armour Shoppe.
 37599 | Snake:2  | Found Waejuwk's Weapon Shoppe.
 37603 | Snake:2  | Found Dal Zomn's Antique Armour Shop.
 37989 | Depths:1 | Entered Level 1 of the Depths
 38221 | Depths:1 | Reached XP level 20. HP: 195/195 MP: 29/29
 38271 | Depths:1 | Found Ykkaisch's Book Boutique.
 38271 | Depths:1 | Found Mifakupn's Jewellery Shop.
 38272 | Depths:1 | Found Sacekk's Assorted Antiques.
 38276 | Depths:1 | Found Nuxar's Armour Boutique.
 38291 | Depths:1 | Bought a book of Minor Magic for 220 gold pieces
 38294 | Depths:1 | Learned a level 2 spell: Blink
 38367 | Depths:1 | Reached skill level 1 in Translocations
 38469 | Depths:1 | You fall into a shaft and drop 1 floor!
 38706 | Depths:1 | Found Dayraun's Jewellery Shoppe.
 39011 | Depths:1 | Found a gateway to Hell.
 39242 | Depths:2 | Noticed Louise
 39262 | Depths:2 | Killed Louise
 39262 | Depths:2 | Reached skill level 16 in Fighting
 39493 | Depths:2 | Found a one-way gate leading to the halls of Pandemonium.
 39537 | Depths:2 | Found a one-way gate to the infinite horrors of the Abyss.
 39746 | D:15     | Killed AyAyRon's ghost
 39746 | D:15     | Reached skill level 5 in Translocations
 39792 | D:15     | Identified the ring of Beogh's Benevolence {rPois Dex+3}
                  | (You found it on level 15 of the Dungeon)
 39949 | D:10     | Killed Tallon's ghost
 40405 | Depths:2 | Identified the ring "Zopod" {*Corrode rElec Str+2 Int+2
                  | Dex+4}
 40446 | Depths:2 | Noticed Saint Roka
 40449 | Depths:2 | Identified the ring of a Billion Runes {Ice Str+3 Int+6
                  | Dex-4}
 40460 | Depths:2 | Identified the ring "Kasish" {Wiz +Fly rC- MP-9 Dex+9}
 40462 | Depths:2 | Killed Saint Roka
 40463 | Depths:2 | Noticed a juggernaut
 40476 | Depths:2 | Killed a juggernaut
 40485 | Depths:2 | Identified the ring of Garaov {*Tele rElec}
 41142 | Depths:3 | Reached XP level 21. HP: 176/206 MP: 30/30
 41290 | Depths:3 | Found a runed translucent door.
 41382 | Depths:3 | Reached skill level 17 in Fighting
 41942 | Depths:3 | Identified the Grimoire of Aid and Contamination
 42705 | Depths:4 | Paralysed by a sphinx for 3 turns
 42760 | Depths:4 | Reached XP level 22. HP: 81/219 MP: 31/31
 43125 | Depths:4 | Reached skill level 18 in Fighting
 43808 | Depths:4 | Identified the cursed +1 plate armour "Kaiptut" {+Blink
                  | rPois MR- Regen+} (You found it on level 4 of the Depths)
 44101 | Vaults:1 | Entered Level 1 of the Vaults
 44292 | Vaults:1 | Noticed Asterion
 44306 | Vaults:1 | Killed Asterion
 44372 | Vaults:1 | Reached skill level 15 in Shields
 44382 | Vaults:1 | Identified the +9 war axe of Poguraesm {chop, MR+}
 45405 | Vaults:2 | Found a staircase to the Crypt.
 45547 | Vaults:2 | Reached skill level 19 in Fighting
 46221 | Vaults:2 | Reached XP level 23. HP: 232/232 MP: 32/32
 46371 | Vaults:2 | Found a runed translucent gate.
 46371 | Vaults:2 | Found a runed translucent gate.
 46371 | Vaults:2 | Found a runed translucent gate.
 46371 | Vaults:2 | Noticed deprived's ghost (veteran HOFi)
 46371 | Vaults:2 | Noticed abarbat's ghost (adept MiBe)
 46372 | Vaults:2 | Noticed deprived's ghost (veteran HOFi)
 46372 | Vaults:2 | Noticed Bidatih's ghost (adept MiBe)
 46372 | Vaults:2 | Noticed Droegar's ghost (adept MiBe)
 46395 | Vaults:2 | Killed Bidatih's ghost
 46408 | Vaults:2 | Killed Droegar's ghost
 46412 | Vaults:2 | Killed deprived's ghost
 46424 | Vaults:2 | Killed deprived's ghost
 46449 | Vaults:2 | Killed abarbat's ghost
 46531 | Vaults:2 | Identified the +10 long sword "Kuroygg" {protect, rC- rN+
                  | Int+9} (You found it on level 2 of the Vaults)
 47179 | Vaults:3 | Noticed Sojobo
 47194 | Vaults:3 | Killed Sojobo
 48159 | Vaults:4 | Reached XP level 24. HP: 241/241 MP: 32/32
 48633 | Vaults:4 | Identified the ring "Menaggy" {*Contam rElec rC+ SInv} (You
                  | found it on level 4 of the Vaults)
 48759 | Vaults:4 | Identified the cursed +1 trident "Stringbean" {pierce,
                  | Dex+5} (You found it on level 4 of the Vaults)
 49502 | Vaults:4 | Learned a level 4 spell: Passage of Golubria
 49726 | Vaults:5 | Entered Level 5 of the Vaults
 49745 | Vaults:5 | Noticed an ancient lich
 49762 | Vaults:5 | Killed an ancient lich
 49762 | Vaults:5 | Reached skill level 5 in Spellcasting
 49783 | Vaults:5 | Reached XP level 25. HP: 91/248 MP: 15/32
 50034 | Vaults:5 | Identified the amulet of Holle Huy {Spirit Str+3 Int+3
                  | Dex-4} (You found it on level 5 of the Vaults)
 50150 | Vaults:5 | Reached skill level 15 in Armour
 50150 | Vaults:5 | Reached skill level 15 in Dodging
 50241 | Vaults:5 | Noticed an ancient lich
 50253 | Vaults:5 | Killed an ancient lich
 50744 | Vaults:5 | Reached skill level 10 in Translocations
 50903 | Vaults:5 | Identified the +12 whip of Kelil {elec, rElec rN+}
 50903 | Vaults:5 | Identified the +8 chain mail "Buceann" {rElec rC+}
 51159 | Vaults:5 | Got a silver rune of Zot
 52097 | Slime:1  | Entered Level 1 of the Pits of Slime
 52222 | Slime:1  | Found a viscous altar of Jiyva.
 52286 | Slime:2  | Reached XP level 26. HP: 188/258 MP: 29/33
 52490 | Snake:2  | Bought shiny ice dragon scales for 1575 gold pieces
 52919 | Slime:3  | Gained mutation: You are clumsy. (Dex -2) [a shining eye]
 53036 | Slime:5  | Entered Level 5 of the Pits of Slime
 53064 | Slime:5  | Found the +1 cloak of Starlight {rElec rC+ EV+4 Stlth--}
 53065 | Slime:5  | Found a viscous altar of Jiyva.
 53066 | Slime:5  | Found the +8 glaive of the Guard {elec, +Rage AC+5 SInv}
 53072 | Slime:5  | Noticed the Royal Jelly
 53081 | Slime:5  | Killed the Royal Jelly
 53115 | Slime:5  | Identified the amulet of the Sixty-Six Queens {Gourm *Drain
                  | MR+ Str+9} (You found it on level 5 of the Pits of Slime)
 53129 | Slime:5  | Got a slimy rune of Zot
 53155 | Slime:5  | Identified the amulet "Iwohid" {Spirit rF+ SInv Stlth+}
                  | (You found it on level 5 of the Pits of Slime)
 53709 | Depths:5 | Entered Level 5 of the Depths
 53743 | Depths:5 | Noticed a juggernaut
 53746 | Depths:5 | Found a gateway to a ziggurat.
 53747 | Depths:5 | Paralysed by a floating eye for 2 turns
 53749 | Depths:5 | Paralysed by a floating eye for 4 turns
 53775 | Depths:5 | Paralysed by a floating eye for 3 turns
 53902 | Depths:5 | Paralysed by a floating eye for 3 turns
 53905 | Depths:5 | Paralysed by a floating eye for 2 turns
 53952 | Depths:5 | Identified the amulet "Jual" {Gourm Str+2}
 53967 | Depths:5 | Reached skill level 15 in Evocations
 53974 | Depths:5 | Noticed a juggernaut
 53999 | Depths:5 | Killed a juggernaut
 54496 | Depths:5 | Found a gate to the Realm of Zot.
 54693 | Depths:5 | Reached skill level 15 in Invocations
 55073 | Zot:1    | Entered Level 1 of the Realm of Zot
 55247 | Zot:1    | Reached XP level 27. HP: 262/266 MP: 34/34
 55730 | Zot:1    | You fall into a shaft and drop 1 floor!
 56408 | Zot:2    | You fall into a shaft and drop 1 floor!
 56418 | Zot:3    | Reached skill level 20 in Fighting
 56453 | Zot:3    | Learned a level 1 spell: Apportation
 56460 | Zot:3    | Learned a level 6 spell: Dispersal
 56940 | Zot:2    | Reached skill level 21 in Fighting
 56998 | Zot:2    | Identified the +4 dragonskin cloak
 56998 | Zot:2    | Noticed Tiamat
 57015 | Zot:2    | Killed Tiamat
 57849 | Zot:3    | Noticed an orb of fire
 57863 | Zot:3    | Identified the ring of Ryjiv {+Fly rC+ MP+9 Str+3}
 57887 | Zot:3    | Killed an orb of fire
 57887 | Zot:3    | Reached skill level 22 in Fighting
 61402 | Zot:4    | Found the +0 sword of Power
 62120 | Zot:5    | Entered Level 5 of the Realm of Zot
 62503 | Zot:5    | Noticed an ancient lich
 62507 | Zot:5    | Noticed an orb of fire
 62508 | Zot:5    | Killed an ancient lich
 62510 | Zot:5    | Noticed an orb of fire
 62512 | Zot:5    | Noticed an orb of fire
 62515 | Zot:5    | Lost mutation: You possess an exceptional clarity of mind.
                  | [an orb of fire]
 62519 | Zot:5    | Noticed an orb of fire
 62520 | Zot:5    | Noticed an ancient lich
 62521 | Zot:5    | Noticed an ancient lich
 62522 | Zot:5    | Noticed an orb of fire
 62524 | Zot:5    | Noticed an orb of fire
 62525 | Zot:5    | Noticed an orb of fire
 62526 | Zot:5    | Noticed an ancient lich
 62530 | Zot:5    | Gained mutation: Your magical capacity is low. (-10% MP)
                  | [an orb of fire]
 62533 | Zot:5    | Killed an ancient lich
 62551 | Zot:5    | Killed an orb of fire
 62554 | Zot:5    | Gained mutation: You are weak. (Str -2) [an orb of fire]
 62554 | Zot:5    | Gained mutation: Your magical capacity is very low. (-20%
                  | MP) [an orb of fire]
 62555 | Zot:5    | Gained mutation: You occasionally shout uncontrollably at
                  | your foes. [an orb of fire]
 62556 | Zot:5    | Killed an orb of fire
 62558 | Zot:5    | Killed an orb of fire
 62569 | Zot:5    | Gained mutation: You are very clumsy. (Dex -4) [an orb of
                  | fire]
 63107 | Zot:5    | Gained mutation: You do not regenerate when monsters are
                  | visible. [an orb of fire]
 63108 | Zot:5    | Gained mutation: Potions are less effective at restoring
                  | your health. [an orb of fire]
 63113 | Zot:5    | Gained mutation: You are dopey. (Int -2) [an orb of fire]
 63115 | Zot:5    | Lost mutation: You do not regenerate when monsters are
                  | visible. [an orb of fire]
 63120 | Zot:5    | Killed an orb of fire
 63379 | Zot:5    | Gained mutation: You are very dopey. (Int -4) [an orb of
                  | fire]
 63381 | Zot:5    | Gained mutation: You do not regenerate when monsters are
                  | visible. [an orb of fire]
 63387 | Zot:5    | Killed an orb of fire
 63406 | Zot:5    | Killed an ancient lich
 63410 | Zot:5    | Killed an ancient lich
 63420 | Zot:5    | Killed from afar by a purple draconian

Levels and vault maps discovered:
D:1:      dpeg_arrival_chambers_temple_mockup, layout_basic
D:2:      layout_loops_cross, gammafunk_temple_overflow_forgotten,
          kennysheep_another_room, uniq_natasha, uniq_crazy_yiuf_cottage
D:3:      layout_loops_ring, gup_sewer_entry_glass, gammafunk_ghost_icy,
          uniq_sigmund
D:4:      layout_basic, serial_curves, eino_curves_03, eino_curves_03,
          chequers_mini_garden, grunt_decor_cap
D:5:      layout_loops_ring, first_ration, serial_shops, shop, st_stairs_7
D:6:      layout_loops_corners, minmay_temple_entry_statues_fountains,
          chequers_serial_rivers_large_a, minmay_holes, uniq_menkaure
D:7:      layout_basic, grunt_livestock, chequers_guarded_unrand_ignorance,
          uniq_harold
D:8:      layout_basic, chequers_temple_overflow_statue_of_worship,
          dpeg_lair_monsters
D:9:      layout_basic, minmay_liquid_box
D:10:     layout_basic, gammafunk_ghost_stat_death
D:11:     layout_loops_corners, erik_orc_3
D:12:     layout_basic, enter_bailey_6
D:13:     layout_irregular_city, david_vaults_4, nicolae_trove_entry_crystal,
          serial_shops, kennysheep_mini_moat, evilmike_ruin_ashenzari
D:14:     layout_rooms, minmay_staircase_statues, serial_co_window_serial,
          co_window_of_opportunity_a, co_window_of_opportunity_a,
          co_window_paths_a, co_window_paths_a, co_window_corner_a,
          co_window_of_opportunity_b, co_window_broadway_b, co_window_cross_2,
          co_window_paths_c, co_window_cross_4, co_window_2corner,
          glass_columns_b, glass_columns_b, glass_columns_a, glass_columns_c,
          glass_columns_a, kennysheep_doodads
D:15:     grunt_enter_depths_hoard, layout_loops_ring,
          chequers_serial_rivers_room_a, biasface_ghost_orc_armoury,
          minivault_22, dispersion_dpeg
Lair:1:   layout_regular_city, portal_ice_cave_rime, minmay_lair_oklob_chamber
Lair:2:   lemuel_slime, layout_chaotic_city, minmay_snake_entry_six_corridors,
          lemuel_fruit_fields
Lair:3:   layout_gridlike, minmay_swamp_entry_reptiles
Lair:4:   layout_roguey, uniq_snorg
Lair:5:   layout_gridlike, kennysheep_rathole, grunt_megastairs_3
Lair:6:   hangedman_lair_caniforms_friends, layout_layer_cave,
          hangedman_lair_tendril_chambers, minmay_slime_entry_pillars
Swamp:1:  layout_basic_swamp, evilmike_swamp_ruin_house_2,
          cheibrodos_swamp_kobolds
Swamp:2:  layout_basic_swamp, evilmike_swamp_ruin_rubble_1
Swamp:3:  layout_basic_swamp, nicolae_swamp_stair_fork, swamp_pool1,
          nicolae_swamp_snake_nest
Swamp:4:  swamp_old_school, layout_basic_swamp
Snake:1:  layout_layer_cave, nicolae_snake_lava_pool
Snake:2:  layout_layer_cave, serial_shops, nicolae_shop_crystal, shop,
          nicolae_shop_behind_doors, nicolae_shop_trees, shop,
          grunt_ministairs_3, serial_bayou_shore_b, serial_bayou_shore_b,
          uniq_roxanne
Snake:3:  layout_gridlike, minmay_shop_grove, grunt_megastairs_2
Snake:4:  snake_hunt, layout_cave_town, grunt_ministairs_4, st_stairs_8,
          nicolae_snake_springs
Slime:1:  layout_caves, basic_altar, nicolae_slime_phagocytosis
Slime:2:  layout_caves, basic_altar
Slime:3:  layout_caves
Slime:4:  layout_caves
Slime:5
Orc:1:    layout_diamond_mine
Orc:2:    st_orc_mages, layout_diamond_mine, serial_shops, shop, uniq_josephine
Vaults:1: v_misc_27, st_cells, vaults_dpeg_encased_lava, vaults_room_hallway,
          v_alt_pattern_1, hangedman_vaults_corner_blocks,
          vaults_room_semicircle, v_misc_14, nicolae_vaults_mini_display_case,
          layout_vaults_quadrants, uniq_asterion
Vaults:2: gammafunk_vaults_ghost_cemetery, hangedman_vaults_capsules,
          ontoclasm_vaults_decontamination, v_misc_10,
          nicolae_vaults_ninety_degrees, v_pattern_5,
          ontoclasm_vaults_ring_small, hangedman_vaults_trim,
          grunt_vaults_twisty, minmay_crypt_entry_simple_sparse,
          vaults_room_pools, layout_vaults_omnicross
Vaults:3: nicolae_vaults_angled_halls, vaults_room_ringed_pool, v_rooms_1,
          hangedman_vaults_maws, hangedman_vaults_unwind,
          nicolae_vaults_little_squares_1, dpeg_vaults_waves,
          nicolae_vaults_border_crossing, vaults_mumra_minichess,
          grunt_vaults_hallway_short, nicolae_vaults_little_squares_1,
          ontoclasm_vaults_loading_screen, ontoclasm_vaults_twist,
          layout_vaults_omnibox, uniq_sojobo
Vaults:4: nicolae_vaults_stairing_the_circle, ontoclasm_vaults_gateway,
          nicolae_vaults_disjoint_gnomons, st_greater_box_4,
          ontoclasm_vaults_misaligned, nicolae_vaults_theta, vaults_mumra_lcd,
          v_alt_pattern_2, ontoclasm_vaults_ligature, v_alt_pattern_4,
          vaults_room_corners, vaults_room_boxed, v_pattern_1,
          ontoclasm_vaults_ring_large, layout_vaults_maze
Vaults:5
Depths:1: layout_roguey, skrybe_limestone_x, serial_shops, shop_statue,
          hell_entry, kennysheep_small_circle, minmay_shoptagon,
          serial_bayou_shore_b
Depths:2: minmay_the_grid_triangle_9x9_rhombus_thin
          [minmay_the_grid_triangle_9x9_thin_v,
          minmay_the_grid_triangle_9x9_prize_special,
          minmay_the_grid_triangle_9x9_alien,
          minmay_the_grid_triangle_9x9_warning], layout_cave_pools, hellmouth_1,
          nicolae_abyss_entry_one_way_or_another, rand_demon_pan_entry_3,
          firewood_loft, infiniplex_staircase_spiral, uniq_saint_roka
Depths:3: lemuel_castle_with_subvaults [lemuel_castle_interior_carwin_3],
          layout_long_grid, chequers_serial_rivers_room_a, hell_entry,
          rand_demon_pan_entry_9, minmay_acid_items, infiniplex_staircase_pool_2
Depths:4: hangedman_cross_stitches, layout_gridlike,
          chequers_serial_rivers_micro_a, lightli_too_deep, abyss_entry,
          minmay_statues_item, minmay_staircase_bubble
Depths:5: grunt_zot_entry_gee_three, layout_twisted_cross, enter_ziggurat_d,
          abyss_entry, grunt_hell_entry_dis_grunt,
          hangedman_abyss_or_decor_lesser_grid, hangedman_decor_diamond_cutter,
          kb_rosetta
Zot:1:    layout_onion_interference
Zot:2:    layout_onion, uniq_tiamat
Zot:3:    lemuel_halls_of_wrath, layout_onion_interference
Zot:4:    layout_gridlike, lemuel_baited_zot_trap, grunt_megastairs_4
Zot:5:    layout_twisted_circle

Skill      XL: |  1  2  3  4  5  6  7  8  9 10 11 12 13 14 15 16 17 18 19 20 21 22 23 24 25 26 27 |
---------------+----------------------------------------------------------------------------------+-----
Throwing       | 2 |  2.0
Armour         | 1 2 3 4 5 6 7 8 9 10 13 14 15 18 | 18.3
Dodging        | 3 4 5 6 7 8 9 10 13 14 15 17 | 17.0
Axes           | 4 5 6 7 9 10 11 12 13 14 15 16 17 18 19 | 19.0
Fighting       | 3 4 5 6 7 8 9 10 11 13 15 16 17 19 22 | 22.0
Invocations    | 1 2 4 5 6 7 8 9 10 12 15 | 15.0
Evocations     | 1 2 3 4 5 6 7 8 9 10 12 15 | 15.0
Maces & Flails | 1 |  1.2
Shields        | 1 2 3 5 6 7 10 12 13 14 15 | 15.0
Poison Magic   | 5 6 |  6.0
Spellcasting   | 2 3 5 7 |  7.0
Translocations | 6 8 10 | 10.0

Action                   |  1- 3 |  4- 6 |  7- 9 | 10-12 | 13-15 | 16-18 | 19-21 | 22-24 | 25-27 || total
-------------------------+-------+-------+-------+-------+-------+-------+-------+-------+-------++-------
Melee: War axe           |    59 |   193 |   226 |   576 |   989 |   696 |   885 |   599 |   386 ||  4609
       Great mace        |       |       |    21 |       |       |       |       |       |       ||    21
       Mace              |       |       |       |    24 |       |       |       |       |       ||    24
       Constrict         |       |       |       |       |   269 |   130 |   189 |   193 |   196 ||   977
       Spear             |       |       |       |       |     8 |       |       |       |       ||     8
       Hand axe          |       |       |       |       |    15 |   108 |       |       |       ||   123
       Broad axe         |       |       |       |       |       |       |   397 |   628 |  1245 ||  2270
Throw: Throwing net      |       |       |     1 |       |       |       |       |       |       ||     1
       Boomerang         |       |       |     4 |     6 |    27 |    33 |    14 |     5 |    35 ||   124
       Dart              |       |       |       |    18 |     7 |       |       |       |       ||    25
 Cast: Poisonous Vapours |       |       |       |       |       |       |     5 |     2 |       ||     7
       Apportation       |       |       |       |       |       |       |       |       |     1 ||     1
Invok: Bend Time         |       |     1 |       |    13 |     7 |     4 |     2 |     3 |     2 ||    32
       Step From Time    |       |       |       |     1 |       |       |       |       |       ||     1
       Slouch            |       |       |       |    11 |    15 |     4 |     9 |     9 |    16 ||    64
       Temporal Distorti |       |       |       |     1 |       |       |       |       |       ||     1
 Abil: Spit Poison       |    13 |    17 |     7 |    16 |     4 |       |       |       |       ||    57
       Evoke Invisibilit |       |       |     2 |     4 |       |     3 |     1 |     3 |     5 ||    18
       Evoke Flight      |       |       |       |     4 |       |       |       |       |       ||     4
Evoke: Wand              |       |       |       |    15 |     8 |     2 |    18 |       |    25 ||    68
       Fan of gales      |       |       |       |     1 |       |       |       |       |       ||     1
       Lamp of fire      |       |       |       |       |       |     1 |     1 |     3 |     2 ||     7
  Use: Scroll            |       |       |    12 |     5 |    17 |    16 |    12 |     6 |    32 ||   100
       Potion            |       |       |     2 |     6 |       |     1 |     1 |       |    16 ||    26
 Stab: Sleeping          |       |       |     9 |     2 |       |       |       |       |       ||    11
       Held in net/web   |       |       |     1 |       |       |       |       |       |     1 ||     2
       Invisible         |       |       |     6 |     4 |       |    31 |     9 |    29 |    41 ||   120
       Distracted        |       |       |       |       |       |     1 |     1 |     1 |       ||     3
  Eat: Chunk             |     1 |     6 |     9 |    22 |    26 |    19 |    18 |    21 |    11 ||   133
       Ration            |       |       |       |     3 |     1 |       |     2 |       |    10 ||    16
Armor: Leather armour    |    21 |    85 |    97 |    27 |       |       |       |       |       ||   230
       Chain mail        |       |       |       |   223 |     3 |       |       |       |       ||   226
       Plate armour      |       |       |       |       |   415 |   316 |   208 |     3 |       ||   942
       Storm dragon scal |       |       |       |       |       |       |       |   251 |    59 ||   310
       Ice dragon scales |       |       |       |       |       |       |       |       |   163 ||   163
       Gold dragon scale |       |       |       |       |       |       |       |       |   109 ||   109
Dodge: Dodged            |    48 |   149 |   188 |   396 |   438 |   364 |   447 |   451 |   715 ||  3196
Block: Buckler           |       |       |    26 |   212 |    11 |       |       |       |       ||   249
       Shield            |       |       |       |       |   739 |     9 |       |       |       ||   748
       Large shield      |       |       |       |       |       |  1043 |  1583 |  1516 |  1949 ||  6091
